 Dungeon Crawl Stone Soup version 0.28.0 (webtiles) character file.

Game seed: 1384456764554494173

97 fragbeetle the Chopper (level 4, 0/36 HPs)
             Began as a Ghoul Gladiator on Feb 8, 2022.
             Slain by a bullfrog (7 damage)
             ... on level 4 of the Dungeon.
             The game lasted 00:03:16 (3322 turns).

fragbeetle the Chopper (Ghoul Gladiator)            Turns: 3322, Time: 00:03:17

Health: 0/36       AC: 13    Str: 19    XL:     4   Next: 68%
Magic:  3/3        EV:  7    Int:  3    God:
Gold:   234        SH:  0    Dex: 10    Spells: 3/3 levels left

rFire   + . .      SeeInvis .   a - +0 war axe
rCold   + . .      Faith    .   (no shield)
rNeg    + + +      Spirit   .   m - +0 chain mail
rPois   ∞          Reflect  .   o - +0 helmet
rElec   .          Harm     .   (no cloak)
rCorr   .          Rampage  .   (no gloves)
Will    .....                   (no boots)
Stlth   ..........              (no amulet)
HPRegen 0.00/turn               l - +4 ring of protection
MPRegen 0.08/turn               g - ring of protection from fire

@: brilliant, inhibited regen
A: claws 1, cold resistance 1, negative energy resistance 3, inhibited
regeneration, torment resistance 2
a: no special abilities


You were on level 4 of the Dungeon.
You visited 1 branch of the dungeon, and saw 4 of its levels.

You collected 234 gold pieces.

Inventory:

Hand Weapons
 a - a +0 war axe (weapon)
Missiles
 d - 3 throwing nets (quivered)
 j - 2 silver javelins
 k - 2 poisoned darts
Armour
 m - a +0 chain mail (worn)
 o - a +0 helmet (worn)
Jewellery
 g - a ring of protection from fire (right claw)
 l - a +4 ring of protection (left claw)
Scrolls
 b - 2 scrolls of blinking {unknown}
 e - 2 scrolls of teleportation {unknown}
 h - 3 scrolls of identify {unknown}
 n - a scroll of amnesia {unknown}
 p - 3 scrolls of brand weapon {unknown}
Potions
 c - a potion of berserk rage {unknown}
 f - a potion of mutation {unknown}
 i - a potion of brilliance
 q - a potion of heal wounds


   Skills:
 - Level 2.1 Fighting
 * Level 4.8 Axes
 - Level 1.7 Throwing
 - Level 2.6 Dodging


You had 3 spell levels left.
You didn't know any spells.
Your spell library was empty.

Dungeon Overview and Level Annotations

Branches:
Dungeon (4/15)
 Temple: D:4-7

Altars:

Portals:
Abyss: D:3

Annotations:
D:3 2 transporters, horus123's ghost, weakling DsGl
D:4 Blork the orc


Innate Abilities, Weirdness & Mutations

You thrive by killing the living.
You are immune to poison.
You have sharp fingernails.
Your flesh is cold resistant. (rC+)
You are immune to negative energy. (rN+++)
You do not regenerate when monsters are visible.
You are immune to unholy pain and torment.


Message History

The puff of frost hits you but does no damage.
You aren't carrying any items that you can evoke.
It was a potion of brilliance.
You feel clever all of a sudden. The white imp gestures at you.
The puff of frost hits you but does no damage.
It was a potion of heal wounds.
You feel much better. Blork the orc barely misses you.
The white imp hits you but does no damage.
Blork the orc screams, "I'll break your legs!"
Blork the orc hits you with a +0 glaive!
There is an open door here.
You hit Blork the orc.
Blork the orc is moderately wounded.
You hit the white imp.
The white imp hits you but does no damage.
Blork the orc closely misses you.
The bullfrog hits you but does no damage.
You slash Blork the orc!
Blork the orc is heavily wounded.
You completely miss the white imp. You barely miss the bullfrog.
The bullfrog hits you. The white imp gestures at you.
The puff of frost hits you but does no damage.
Blork the orc hits you with a +0 glaive.
The bullfrog hits you. The white imp hits you. The white imp freezes you.
You resist.
Blork the orc hits you but does no damage.
You slash Blork the orc!
Blork the orc is almost dead.
You slash the white imp! You closely miss the bullfrog.
The bullfrog barely misses you. The bullfrog hits you.
* * * LOW HITPOINT WARNING * * *
The white imp barely misses you.
Blork the orc hits you but does no damage.
Blork the orc hits you but does no damage.
The bullfrog barely misses you.
You see here a +0 dagger.
You closely miss the bullfrog. The bullfrog hits you!
You die...

#....... ### #......
... +..... ....
#....# ..... #....#
#+####.
.....##....##.......
....................
....................
#######.@...<.......
.....#F#####.......
......o.....#.......
............##+####.
................
.........!......
................
.....>..........
................


You could see Blork the orc and a bullfrog.

Vanquished Creatures
  Robin (D:3)
  An adder (D:3)
  2 dart slugs
  4 endoplasms
  5 giant cockroaches
  16 goblins
  10 hobgoblins
  3 quokkas
  6 ball pythons
  6 bats
  A frilled lizard (D:1)
  6 kobolds
  6 rats
67 creatures vanquished.

Notes
Turn   | Place    | Note
-------+----------+-------------------------------------------
     0 | D:1      | fragbeetle the Ghoul Gladiator began the quest for the Orb.
     0 | D:1      | Reached XP level 1. HP: 17/17 MP: 0/0
    22 | D:1      | Reached skill level 3 in Axes
   324 | D:1      | Reached XP level 2. HP: 16/24 MP: 1/1
   440 | D:1      | Found a faded altar of an unknown god.
   809 | D:1      | Reached XP level 3. HP: 25/29 MP: 2/2
   980 | D:1      | Reached skill level 4 in Axes
  2252 | D:3      | Noticed Robin
  2256 | D:3      | Reached XP level 4. HP: 32/36 MP: 3/3
  2359 | D:3      | Killed Robin
  2440 | D:3      | Found a transporter.
  2465 | D:3      | Found a transporter.
  2869 | D:3      | Noticed a toenail golem
  2896 | D:3      | Found a one-way gate to the infinite horrors of the Abyss.
  2896 | D:3      | Noticed horus123's ghost (weakling DsGl)
  3313 | D:4      | Noticed Blork the orc
  3313 | D:4      | Noticed a bullfrog
  3322 | D:4      | Slain by a bullfrog

Illustrated notes

Levels and vault maps discovered:
D:1:      minmay_arrival_four_circles, layout_loops_ring,
          chequers_ecumenical_altar_island, amcnicky_mini_rare_corridor_liquid,
          minmay_vboxes
D:2:      kennysheep_big_flooded_room, layout_basic, serial_curves,
          eino_curves_02, eino_curves_04
D:3:      layout_basic, gammafunk_ghost_abyssal_escape, uniq_robin
D:4:      layout_gridville, gup_sewer_entry_glass, minmay_ruined_shrine,
          uniq_blork_the_orc

Skill      XL: |  1  2  3 |
---------------+----------+-----
Axes           | 3 4 |  4.8
Fighting       | |  2.1
Throwing       | |  1.7
Dodging        | |  2.6

Action                   |  1- 3 |  4- 6 || total
-------------------------+-------+-------++-------
Melee: War axe           |   117 |    43 ||   160
       Punch             |     2 |     1 ||     3
  Use: Potion            |       |     2 ||     2
Armor: Leather armour    |    33 |       ||    33
       Chain mail        |    19 |    49 ||    68
Dodge: Dodged            |    76 |    19 ||    95
